 Dungeon Crawl Stone Soup version 0.25-a0-302-g9f758675c1 (webtiles) character file.

Game seed: 16030543220854657381, levelgen mode: deterministic

273 mopl the Ruffian (level 6, 0/70 HPs)
             Began as a Minotaur Transmuter on Dec 20, 2019.
             Slain by a worker ant zombie (4 damage)
             ... on level 6 of the Dungeon.
             The game lasted 00:04:57 (2536 turns).

mopl the Ruffian (Minotaur Transmuter)              Turns: 2536, Time: 00:04:58

Health: 0/70       AC: 23    Str: 15    XL:     6   Next: 2%
Magic:  4/9        EV:  2    Int: 12    God:
Gold:   106        SH:  0    Dex: 10    Spells: 5/11 levels left

rFire    . . .     SeeInvis .   k - +2 dagger (venom)
rCold    . . .     Gourm    .   (no shield)
rNeg     + + +     Faith    .   (armour currently unavailable)
rPois    +         Spirit   .   (helmet currently unavailable)
rElec    .         Reflect  .   (cloak currently unavailable)
rCorr    .         Harm     .   (gloves currently unavailable)
MR       .....     NoTele   +   (boots currently unavailable)
Stlth    ++........             (no amulet)
HPRegen  0.21/turn              n - ring of flight
MPRegen  0.11/turn              s - ring of stealth

@: tree-form
A: (retaliatory headbutt)
a: no special abilities


You were on level 6 of the Dungeon.
You were not hungry.
You were a tree.
You visited 1 branch of the dungeon, and saw 5 of its levels.

You collected 106 gold pieces.

Inventory:

Hand Weapons
 k - a +2 dagger of venom (weapon)
Missiles
 a - 53 arrows
 h - 8 boomerangs (quivered)
 j - 86 stones
 r - 19 sling bullets
Armour
 l - +0 steam dragon scales (melded)
Jewellery
 n - a ring of flight (left branch)
 s - a ring of stealth (right branch)
Wands
 q - a wand of iceblast (9)
Scrolls
 b - a scroll of magic mapping {unknown}
 c - a scroll of amnesia {unknown}
 e - 3 scrolls of teleportation {unknown}
 i - 2 scrolls of fog {unknown}
 o - a scroll of immolation {unknown}
 t - a scroll of enchant weapon {unknown}
 u - a scroll of remove curse {unknown}
 w - a scroll of random uselessness {unknown}
 y - a scroll of noise {unknown}
Potions
 g - a potion of might {unknown}
 m - a potion of curing
 v - a potion of agility
 x - a potion of berserk rage {!q}
Comestibles
 d - 5 rations
 p - 7 chunks of flesh


   Skills:
 - Level 1.2 Fighting
 - Level 2.1 Dodging
 + Level 4.5 Unarmed Combat
 * Level 3.1 Spellcasting
 + Level 2.7 Transmutations
 - Level 1.1 Poison Magic


You had 5 spell levels left.
You knew the following spells:

 Your Spells              Type           Power        Failure   Level  Hunger
a - Beastly Appendage     Tmut           #.....       8%          1    #......
b - Spider Form           Tmut/Pois      #.........   32%         3    ###....
w - Sticks to Snakes      Tmut           #.......     12%         2    ###....

Your spell library contained the following spells:

 Spells                   Type           Power        Failure   Level  Hunger
 Ice Form                 Ice/Tmut       #.......     80%         4    #####..
 Blade Hands              Tmut           #.........   91%         5    ######.


Dungeon Overview and Level Annotations

Branches:
Dungeon (4/15)
 Temple: D:4-7

Altars:
Ru
The Shining One

Shops:
D:4 }


Innate Abilities, Weirdness & Mutations

((You reflexively headbutt those who attack you in melee.))
((You have a pair of horns on your head.))


Message History

The orc hits you but does no damage.
Casting: Sticks to Snakes (safe; 12% risk of failure)
Confirm with . or Enter, or press ? or * to list all spells.
You create a snake!
You now have 53 arrows.
The worker ant zombie bites you but does no damage.
The orc hits you but does no damage.
Your ball python bites the worker ant zombie.
Your ball python grabs the worker ant zombie.
Your ball python constricts the worker ant zombie.
You hit the worker ant zombie.
The worker ant zombie is lightly damaged.
The worker ant zombie bites you but does no damage.
Your ball python bites the worker ant zombie.
Your ball python constricts the worker ant zombie.
Your ball python bites the orc but does no damage.
Your ball python barely misses the orc.
The orc hits you but does no damage.
You hit the worker ant zombie but do no damage.
The worker ant zombie is moderately damaged.
The worker ant zombie bites you.
You die...

#...#..#.###
#..........##
###.........#.#
#..........#..##
##.............###
#$...............#
##...........#
#....##...ZS.# #
##...#....#♣#.....#
##...>##...#S##.....
#####..#...#...(o)......
##.##..##.##!...........
).......#.####..[.......
##.........##..##..#.#..
#...........#... ....# .
#......#........ ....#
#......##.##.... ......


You could see an orc, a worker ant zombie and 2 friendly ball pythons.

Vanquished Creatures
  An ogre (D:6)
  An orc priest (D:6)
  2 orc wizards (D:6)
  A hound zombie (D:6)
  A gnoll (D:1)
  2 adders
  An ooze (D:3)
  2 worms
  A dart slug (D:1)
  4 orcs (D:3)
  A ball python (D:2)
  3 giant cockroaches
  7 goblins
  9 hobgoblins
  3 jackals (D:1)
  10 bats
  4 frilled lizards
  5 kobolds
  4 rats
62 creatures vanquished.

Notes
Turn   | Place    | Note
-------+----------+-------------------------------------------
     0 | D:1      | mopl the Minotaur Transmuter began the quest for the Orb.
     0 | D:1      | Reached XP level 1. HP: 16/16 MP: 1/1
   161 | D:1      | Reached XP level 2. HP: 21/23 MP: 1/3
   169 | D:1      | Learned a level 2 spell: Sticks to Snakes
   721 | D:1      | Reached skill level 2 in Spellcasting
   798 | D:1      | Reached skill level 2 in Transmutations
   798 | D:1      | Reached XP level 3. HP: 19/28 MP: 5/5
   803 | D:1      | Learned a level 3 spell: Spider Form
  1615 | D:2      | Found a sacrificial altar of Ru.
  1788 | D:3      | Reached XP level 4. HP: 27/35 MP: 4/6
  1938 | D:3      | Found a glowing golden altar of the Shining One.
  2373 | D:3      | Reached skill level 4 in Unarmed Combat
  2441 | D:4      | Found Feisef's Gadget Boutique.
  2447 | D:4      | You fall into a shaft and drop 2 floors!
  2448 | D:6      | Noticed an ogre
  2464 | D:6      | Killed an ogre
  2464 | D:6      | Reached skill level 1 in Poison Magic
  2464 | D:6      | Reached XP level 5. HP: 31/40 MP: 6/8
  2514 | D:6      | Reached skill level 3 in Spellcasting
  2527 | D:6      | HP: 1/40 [orc priest/nerve-wracking pain (11)]
  2532 | D:6      | Reached XP level 6. HP: 3/47 MP: 7/9
  2536 | D:6      | Slain by a worker ant zombie

Levels and vault maps discovered:
D:1:      onia_arrival_mini_spirals, layout_loops_cross
D:2:      layout_basic, first_ration, nicolae_ru_path_of_blood
D:3:      layout_basic, lemuel_round_altar
D:4:      minmay_inner_zag, layout_basic, serial_shops, nicolae_shop_crystal,
          shop_statue, shop, shop
D:6:      layout_cave_pools, uniq_prince_ribbit1, uniq_eustachio

Skill      XL: |  1  2  3  4  5 |
---------------+----------------+-----
Spellcasting   | 2 3 |  3.1
Transmutations | 2 |  2.7
Unarmed Combat | 4 |  4.5
Poison Magic   | 1 |  1.1
Fighting       | |  1.2
Dodging        | |  2.1

Action                   |  1- 3 |  4- 6 || total
-------------------------+-------+-------++-------
Melee: Unarmed           |    63 |       ||    63
       Kick              |     7 |     5 ||    12
       Headbutt          |    11 |     5 ||    16
       Dagger            |    36 |    68 ||   104
       Punch             |       |     1 ||     1
 Cast: Beastly Appendage |    11 |     2 ||    13
       Sticks to Snakes  |       |     2 ||     2
  Use: Scroll            |       |     4 ||     4
       Potion            |       |     2 ||     2
 Stab: Sleeping          |       |     3 ||     3
  Eat: Chunk             |     3 |     3 ||     6
Armor: Robe              |    15 |       ||    15
       Steam dragon scal |    13 |    19 ||    32
       Skin              |       |    18 ||    18
Dodge: Dodged            |    72 |    43 ||   115

Table legend:
 A = Non-vault XP
 B = Vault XP
 C = Vault XP percentage of total XP
 D = Non-vault monster count
 E = Vault monster count
 F = Vault count percentage of total count
                 A         B        C        D         E       F
            +---------+---------+-------+---------+---------+-------
      Total |     390 |       0 |   0.0 |      62 |       0 |   0.0
            +---------+---------+-------+---------+---------+-------
        D:1 |      52 |       0 |   0.0 |      23 |       0 |   0.0
        D:2 |      37 |       0 |   0.0 |      12 |       0 |   0.0
        D:3 |      58 |       0 |   0.0 |      22 |       0 |   0.0
        D:6 |     243 |       0 |   0.0 |       5 |       0 |   0.0
            +---------+---------+-------+---------+---------+-------
